 Dungeon Crawl Stone Soup version 0.29-a0-294-g83ea962da3 (webtiles) character file.

Game seed: 17197943446954979350

51 gruber the Shooter (level 3, 0/30 HPs)
             Began as a Minotaur Hunter on Mar 18, 2022.
             Killed by nerve-wracking pain
             ... invoked by an orc priest
              (12 damage)
             ... on level 3 of the Dungeon.
             The game lasted 00:01:05 (1304 turns).

gruber the Shooter (Minotaur Hunter)                Turns: 1304, Time: 00:01:06

Health: 0/30       AC:  3    Str: 21    XL:     3   Next: 57%
Magic:  2/2        EV: 12    Int:  6    God:
Gold:   143        SH:  0    Dex: 15    Spells: 2/2 levels left

rFire   . . .      SeeInvis .   a - +1 shortbow
rCold   + . .      Faith    .   (shield currently unavailable)
rNeg    . . .      Spirit   .   b - +0 leather armour
rPois   .          Reflect  .   (helmet restricted)
rElec   .          Harm     .   (no cloak)
rCorr   .          Rampage  .   (no gloves)
Will    .....                   (no boots)
Stlth   +.........              (no amulet)
HPRegen 0.10/turn               f - +6 ring of strength
MPRegen 0.08/turn               m - ring of protection from cold

@: no status effects
A: horns 2, retaliatory headbutt
a: no special abilities


You were on level 3 of the Dungeon.
You visited 1 branch of the dungeon, and saw 3 of its levels.

You collected 143 gold pieces.

Inventory:

Hand Weapons
 a - a +1 shortbow (weapon)
 g - a +2 short sword of draining
Armour
 b - a +0 leather armour (worn)
Jewellery
 f - a +6 ring of strength (left hand)
 m - a ring of protection from cold (right hand)
 p - a ring of positive energy
Scrolls
 c - a scroll of immolation
 d - 2 scrolls of identify {unknown}
 h - a scroll of noise {unknown}
 i - a scroll of silence {unknown}
 k - a scroll of vulnerability {unknown}
 n - a scroll of teleportation {unknown}
Potions
 e - a potion of curing {unknown}
 j - a potion of haste {unknown}
 l - a potion of might {unknown}
 o - a potion of berserk rage {unknown}


   Skills:
 - Level 2.4 Fighting
 + Level 5.9 Bows
 - Level 2.1 Dodging
 - Level 0.7 Stealth


You had 2 spell levels left.
You didn't know any spells.
Your spell library contained the following spells:

 Spells                   Type           Power      Damage    Failure   Level
 Shock                    Conj/Air       0%         1d3       50%         1
 Corpse Rot               Necr/Air       0%         N/A       65%         2
 Poisonous Vapours        Pois/Air       0%         N/A       65%         2
 Swiftness                Air            0%         N/A       86%         3
 Airstrike                Air            0%         N/A       99%         4


Dungeon Overview and Level Annotations

Branches:
Dungeon (3/15)

Altars:
Xom


Innate Abilities, Weirdness & Mutations

You have a pair of horns on your head.
You reflexively headbutt those who attack you in melee.


Message History

The jackal is almost dead.
The jackal closely misses you.
The orc wizard casts a spell.
The orc wizard flickers and vanishes!
Deactivating autopickup; reactivate with Ctrl-A.
The jackal barely misses you. You furiously retaliate!
You headbutt the jackal!
You kill the jackal!
Unknown command.
Unknown command.
Shoot: a) +1 shortbow
Press: ? - help, Q - select action Shift-Dir - straight line, f - jackal
Aim: a jackal (56% to hit)
You shoot an arrow. The arrow hits the jackal.
The jackal is severely wounded.
The jackal bites you but does no damage.
Unknown command.
Shoot: a) +1 shortbow
Press: ? - help, Q - select action Shift-Dir - straight line, f/p - jackal
Aim: a jackal (severely wounded, 56% to hit)
You shoot an arrow. The arrow closely misses the jackal.
The arrow hits the jackal.
The jackal is severely wounded.
The jackal bites you. The jackal closely misses you.
Unknown command.
Shoot: a) +1 shortbow
Press: ? - help, Q - select action Shift-Dir - straight line, f/p - jackal
Aim: a jackal (severely wounded, 56% to hit)
You shoot an arrow. The arrow hits the jackal.
You kill the jackal!
The jackal closely misses you. You furiously retaliate!
You headbutt the jackal!
You kill the jackal!
Unknown command.
Shoot: a) +1 shortbow
Press: ? - help, Q - select action Shift-Dir - straight line, f - orc priest
Aim: an orc priest, wielding a +0 dagger and wearing a +0 leather armour (63% to hit)
You shoot an arrow. The arrow barely misses the orc priest.
The orc priest calls down the wrath of Beogh upon you.
Pain shoots through your body!
You die...

##...##### ....##
....# ....#
....########
............
##..########.#####
....##....(......#
.......#####.###@#
##.###.#####.# #)#
#.###.##....# #o#
#.........### #{#
#..##.##..#####.#
#. #.........#.#
#. #........)..#
#. #..#..###.###
.....#..# #.#


You could see an orc priest.

Vanquished Creatures
  An adder (D:2)
  2 orcs (D:3)
  A bat (D:1)
  3 endoplasms
  3 goblins
  4 hobgoblins
  7 jackals
  2 quokkas (D:2)
  A ball python (D:2)
  3 frilled lizards
  5 kobolds
  3 rats
35 creatures vanquished.

Notes
Turn   | Place    | Note
-------+----------+-------------------------------------------
     0 | D:1      | gruber the Minotaur Hunter began the quest for the Orb.
     0 | D:1      | Reached XP level 1. HP: 18/18 MP: 0/0
   367 | D:1      | Reached XP level 2. HP: 25/25 MP: 1/1
   382 | D:1      | Reached skill level 5 in Bows
   421 | D:1      | Noticed an eye of devastation
   424 | D:1      | Found a faded altar of an unknown god.
   426 | D:1      | Noticed an eye of devastation
   426 | D:1      | Noticed an eye of devastation
   426 | D:1      | Noticed a golden eye
   852 | D:2      | Reached XP level 3. HP: 30/30 MP: 2/2
   955 | D:2      | Found a shimmering altar of Xom.
  1304 | D:3      | Killed from afar by an orc priest

Illustrated notes

Levels and vault maps discovered:
D:1:      minmay_arrival_jagged, layout_loops_ring,
          hellmonk_ecumenical_altar_watching_god
D:2:      layout_rooms, basic_altar, minmay_misc_feat_plants
D:3:      layout_loops_ring, lemuel_doored_altar, old_standard_altar,
          chequers_temple_overflow_minitemple, st_stairs_5

Skill      XL: |  1  2 |
---------------+-------+-----
Bows           | 5 |  5.9
Fighting       | |  2.4
Dodging        | |  2.1
Stealth        | |  0.7

Action                   || total
-------------------------++-------
 Fire: Shortbow          ||    99
Armor: Leather armour    ||     7
Dodge: Dodged            ||    18

Table legend: (Time is in decaauts)
 A = Elapsed time spent in this place.
 B = Non-inter-level travel time spent in this place.
 C = Inter-level travel time spent in this place.
 D = Time resting spent in this place.
 E = Time spent auto-exploring this place.
 F = Levels seen in this place.
 G = Mean time per level.
                   A        B        C        D        E       F      G
               +--------+--------+--------+--------+--------+-----+--------+
         Total |   1329 |   1273 |     56 |      0 |   1064 |   3 |  443.0 |
       Dungeon |   1329 |   1273 |     56 |      0 |   1064 |   3 |  443.0 |
               +--------+--------+--------+--------+--------+-----+--------+

Top non-repeatable levels by time:
     D:1: 792 daAuts
     D:2: 350 daAuts
     D:3: 186 daAuts
